 Dungeon Crawl Stone Soup version 0.20.2-3-g29329e0561 (webtiles) character file.

80 Alfie the Shooter (level 4, 0/38 HPs)
             Began as a Minotaur Hunter on Aug 12, 2020.
             Slain by a gnoll
             ... wielding a +0 spear
              (6 damage)
             ... on level 2 of the Dungeon.
             The game lasted 00:03:26 (900 turns).

Alfie the Shooter (Minotaur Hunter)                  Turns: 900, Time: 00:03:26

Health: 0/38       AC:  3    Str: 17    XL:     4   Next: 18%
Magic:  3/3        EV: 12    Int:  8    God:
Gold:   53         SH:  0    Dex: 11    Spells: 3/3 levels left

rFire    . . .     SeeInvis .   a - +3 shortbow
rCold    . . .     Gourm    .   (shield currently unavailable)
rNeg     . . .     Faith    .   c - +0 leather armour
rPois    .         Spirit   .   (helmet restricted)
rElec    .         Reflect  .   (no cloak)
rCorr    .         Harm     .   (no gloves)
MR       .....                  (no boots)
Stlth    +.........             j - amulet of regeneration
Regen    0.2/turn               (no ring)
MPRegen  0.1/turn               (no ring)

@: no status effects
A: retaliatory headbutt, horns 2
a: no special abilities


You were on level 2 of the Dungeon.
You were not hungry.

You visited 1 branch of the dungeon, and saw 2 of its levels.

You collected 53 gold pieces.

Inventory:

Hand Weapons
 a - a +3 shortbow (weapon)
 b - a +2 short sword
Missiles
 d - 2 arrows (quivered)
Armour
 c - a +0 leather armour (worn)
Jewellery
 j - an amulet of regeneration (around neck)
Scrolls
 g - a scroll of blinking
 i - a scroll of remove curse
 k - a scroll of magic mapping {unknown}
Potions
 h - 2 potions of might {unknown}
Comestibles
 f - a bread ration


   Skills:
 + Level 3.2 Fighting
 + Level 0.7 Short Blades
 + Level 5.4 Bows
 + Level 1.0 Armour
 + Level 2.5 Dodging
 + Level 1.0 Stealth


You had 3 spell levels left.
You didn't know any spells.

Dungeon Overview and Level Annotations

Branches:
Dungeon (2/15)

Altars:


Innate Abilities, Weirdness & Mutations

You reflexively headbutt those who attack you in melee.
You have a pair of horns on your head.


Message History

You shoot an arrow. The arrow hits the gnoll.
The gnoll is almost dead.
The gnoll closely misses you. The goblin misses you.
The gnoll hits you from afar with a spear.
Firing (i - inventory):
d - 4 arrows (quivered)
Press: ? - help, Shift-Dir - straight line, f/p - gnoll
Aim: a gnoll, wielding a spear (almost dead)
You shoot an arrow. The arrow hits the goblin!
You kill the goblin!
Your Armour skill increases to level 1!
The gnoll misses you.
The gnoll hits you from afar with a spear.
Firing (i - inventory):
d - 3 arrows (quivered)
Press: ? - help, Shift-Dir - straight line, f/p - gnoll
Aim: a gnoll, wielding a spear (almost dead)
You shoot an arrow. The arrow closely misses the gnoll.
The gnoll hits you from afar with a spear!
* * * LOW HITPOINT WARNING * * *
The gnoll hits you from afar with a spear.
You die...

#.....#
#.#####.#
#.....#
#.#####.#
#######
#.......#
#.####### #.#
######.#
...##.#
###g##.# #
#..g)@.#
##.#.##(#.####
..gg..).#.#
.(<#......#
########


You could see 2 gnolls.

Vanquished Creatures
  An adder (D:2)
  2 gnolls (D:2)
  A worm (D:2)
  3 dart slugs
  A leopard gecko (D:1)
  A ball python (D:1)
  2 bats (D:1)
  5 giant cockroaches
  2 hobgoblins (D:1)
  3 jackals (D:1)
  14 frilled lizards (D:1)
  7 goblins
  A rat (D:1)
43 creatures vanquished.

Notes
Turn   | Place    | Note
-------+----------+-------------------------------------------
     0 | D:1      | Alfie the Minotaur Hunter began the quest for the Orb.
     0 | D:1      | Reached XP level 1. HP: 18/18 MP: 0/0
    92 | D:1      | Reached XP level 2. HP: 25/25 MP: 1/1
   322 | D:1      | Reached XP level 3. HP: 30/30 MP: 2/2
   349 | D:1      | Reached skill level 5 in Bows
   773 | D:2      | Reached skill level 1 in Stealth
   870 | D:2      | Reached XP level 4. HP: 32/38 MP: 3/3
   899 | D:2      | Reached skill level 1 in Armour
   900 | D:2      | Slain by a gnoll

Skill      XL: |  1  2  3  4 |
---------------+-------------+-----
Bows           | 5 |  5.4
Fighting       | 3 |  3.2
Stealth        | 1 |  1.0
Armour         | 1 |  1.0
Short Blades   | |  0.7
Dodging        | |  2.5

Action                   |  1- 3 |  4- 6 || total
-------------------------+-------+-------++-------
Melee: Short sword       |    58 |     1 ||    59
       Headbutt          |     6 |       ||     6
 Fire: Shortbow          |    52 |    11 ||    63
  Use: Scroll            |     7 |       ||     7
Armor: Leather armour    |    24 |       ||    24
Dodge: Dodged            |    41 |     9 ||    50
